 Dungeon Sprint DCSS version bcrawl-1.23 (webtiles) character file.

Game seed: 1671900603126038020

8021 Freyura the Spry (level 11, -2/61 HPs)
             Began as a Fairy Air Elementalist on May 23, 2020.
             Was the Champion of Vehumet.
             Slain by a tyrant leech (27 damage)
             ... in the Dungeon (Sprint IX: "|||||||||||||||||||||||||||||").
             The game lasted 00:10:55 (775 turns).

Freyura the Spry (Fairy Air Elementalist)            Turns: 775, Time: 00:10:55

Health: -2/61      AC:  9    Str:  9    XL:     11   Next: 24%
Magic:  5/32       EV: 29    Int: 21    God:    Vehumet [******]
Gold:   0          SH:  6    Dex: 14    Spells: 31/41 levels left

rFire    . . .     SeeInvis .   p - staff of energy
rCold    . . .     Gourm    .   (shield currently unavailable)
rNeg     . . .     Faith    .   (armour unavailable)
rPois    .         Spirit   .   (no helmet)
rElec    .         Reflect  .   (no cloak)
rCorr    .         Harm     .   m - +0 pair of gloves
MR       +....     NoTele   +   (no boots)
Stlth    +.........             (no amulet)
HPRegen  0.20/turn              n - +2 ring of protection
MPRegen  0.23/turn              o - +3 ring of strength

@: berserk cooldown, flying evasively, slowed, very slow
A: small, magic attunement, unstealthy, unfitting armour, able to fly, AC/SH +6
a: Stop Flying, Renounce Religion


You were in the Dungeon.
You worshipped Vehumet.
Vehumet was exalted by your worship.
You were not hungry.

You visited 1 branch

Inventory:

Armour
 m - a +0 pair of gloves (worn)
Magical Staves
 p - an uncursed staff of energy (weapon)
Jewellery
 n - a +2 ring of protection (left hand)
 o - a +3 ring of strength (right hand)
Wands
 l - a wand of iceblast (10)
Scrolls
 a - a scroll of identify
 i - 5 scrolls of blinking
 j - 5 scrolls of remove curse
 k - 2 scrolls of amnesia
Potions
 b - a potion of flight
 c - 3 potions of heal wounds
 d - 5 potions of curing
 f - 4 potions of haste
 g - 4 potions of magic
 h - 2 potions of berserk rage
Comestibles
 e - a ration {!d}


   Skills:
 + Level 16.7 Dodging
 - Level 1.5 Stealth
 + Level 15.6 Spellcasting
 + Level 15.4 Conjurations
 + Level 15.7 Air Magic


You had 31 spell levels left.
You knew the following spells:

 Your Spells              Type           Power        Failure   Level  Hunger
a - Shock                 Conj/Air       #####        0%          1    None
b - Airstrike             Air            ######....   1%          4    None
c - Lightning Bolt        Conj/Air       ######....   1%          5    None

Your spell library contained the following spells:

 Spells                   Type           Power        Failure   Level  Hunger
 Conjure Flame            Conj/Fire      #####...     1%          3    None
 Static Discharge         Air            ######..     0%          3    None
 Swiftness                Chrm/Air       #####...     1%          2    None


Dungeon Overview and Level Annotations

Branches:
Dungeon (1/1)

Altars:
Cheibriados
Dithmenos
Elyvilon
Fedhas
Gozag
Hepliaklqana
Kikubaaqudgha
Lugonu
Makhleb
Nemelex Xobeh
Okawaru
Qazlal
Ru
Sif Muna
Trog
Uskayaw
Vehumet
Wu Jian
Xom
Yredelemnul
Zin
The Shining One
Beogh
Jiyva


Innate Abilities, Weirdness & Mutations

Your spells do not cause hunger and MP costs are reduced by 1.
Your bright wings attract enemies. (Stealth-)
You cannot fit into any form of body armour.
Your shimmering scales are hard and can block incoming attacks. (AC +6, SH +6)
You are small and have problems with some larger weapons.
You can fly continuously.


Message History

The tyrant leech is almost dead.
The tyrant leech bites you!!
The tyrant leech draws strength from your injuries!
You hit the tyrant leech.
The tyrant leech is heavily wounded.
The tyrant leech completely misses you.
You hit the tyrant leech.
The tyrant leech is heavily wounded.
You closely miss the tyrant leech.
The tyrant leech is heavily wounded.
The tyrant leech completely misses you.
You miss the tyrant leech.
The tyrant leech is heavily wounded.
You are no longer berserk.
You are exhausted.
You feel yourself slow down.
You closely miss the tyrant leech.
The tyrant leech is heavily wounded.
The tyrant leech bites you!!
You die...

▓[▓.▓†▓
▓.▓.▓.▓
▓)▓.▓.▓
▓.▓.▓.▓
▓.▓.▓.▓
▓.▓.▓.▓
▓'▓.▓'▓
▓_▓.▓w▓
▓_▓.▓@▓
▓_▓.▓.▓
▓_▓.▓.▓
▓_▓.▓.▓
▓_▓.▓†▓
▓_▓.▓†▓
▓_▓.▓†▓
▓_▓.▓†▓
▓_▓.▓†▓


You could see a tyrant leech.

Vanquished Creatures
  2 hydras (D)
  A catoblepas (D)
  A two-headed ogre (D)
  A cyclops (D)
  An ugly thing (D)
  An elephant (D)
  A black mamba (D)
  2 cane toads (D)
  2 komodo dragons (D)
  A polar bear (D)
  A tyrant leech (D)
  5 blink frogs (D)
  2 yaks (D)
  A shadow (D)
  A basilisk (D)
  An acid dragon (D)
  A water moccasin (D)
  An eye of draining (D)
  A wolf (D)
  2 centaurs (D)
  3 bullfrogs (D)
  A crimson imp (D)
  A worker ant (D)
  3 adders (D)
  2 leopard geckos (D)
  An orc (D)
  A bat (D)
  A kobold (D)
  A ball python skeleton (D)
  2 frilled lizards (D)
  A quokka zombie (D)
46 creatures vanquished.

Vanquished Creatures (others)
  A basilisk (D)
1 creature vanquished.

Grand Total: 47 creatures vanquished

Notes
Turn   | Place    | Note
-------+----------+-------------------------------------------
     0 | D        | Freyura the Fairy Air Elementalist began the quest for the
                  | Orb.
     0 | D        | Reached XP level 1. HP: 11/11 MP: 6/6
     5 | D        | Reached skill level 3 in Dodging
    18 | D        | Noticed a centaur
    18 | D        | Noticed a centaur
    20 | D        | Reached XP level 2. HP: 17/17 MP: 6/8
    22 | D        | Reached skill level 4 in Dodging
    24 | D        | Killed a centaur
    24 | D        | Reached skill level 6 in Dodging
    24 | D        | Reached skill level 5 in Spellcasting
    24 | D        | Reached skill level 5 in Conjurations
    24 | D        | Reached XP level 3. HP: 14/21 MP: 7/12
    24 | D        | Reached XP level 4. HP: 19/27 MP: 7/13
    27 | D        | Killed a centaur
    27 | D        | Reached skill level 7 in Dodging
    27 | D        | Reached XP level 5. HP: 22/31 MP: 7/16
   109 | D        | Found a roughly hewn altar of Beogh.
   109 | D        | Found a snail-covered altar of Cheibriados.
   109 | D        | Found a shadowy altar of Dithmenos.
   109 | D        | Found a white marble altar of Elyvilon.
   109 | D        | Found a blossoming altar of Fedhas.
   109 | D        | Found an opulent altar of Gozag.
   110 | D        | Found a hazy altar of Hepliaklqana.
   111 | D        | Found a viscous altar of Jiyva.
   112 | D        | Found an ancient bone altar of Kikubaaqudgha.
   113 | D        | Found a corrupted altar of Lugonu.
   114 | D        | Found a burning altar of Makhleb.
   115 | D        | Found a sparkling altar of Nemelex Xobeh.
   116 | D        | Found an iron altar of Okawaru.
   117 | D        | Found a stormy altar of Qazlal.
   118 | D        | Found a sacrificial altar of Ru.
   119 | D        | Found a shimmering blue altar of Sif Muna.
   120 | D        | Found a bloodstained altar of Trog.
   121 | D        | Found a hide-covered altar of Uskayaw.
   122 | D        | Found a radiant altar of Vehumet.
   123 | D        | Found an ornate altar of the Wu Jian Council.
   124 | D        | Found a shimmering altar of Xom.
   125 | D        | Found a basalt altar of Yredelemnul.
   126 | D        | Found a glowing silver altar of Zin.
   127 | D        | Found a glowing golden altar of the Shining One.
   130 | D        | Became a worshipper of Vehumet
   181 | D        | Learned a level 4 spell: Airstrike
   187 | D        | Learned a level 5 spell: Lightning Bolt
   188 | D        | Noticed an acid dragon
   188 | D        | Noticed an eye of draining
   194 | D        | Reached * piety under Vehumet
   194 | D        | Offered knowledge of Freeze by Vehumet.
   194 | D        | Reached skill level 8 in Dodging
   196 | D        | Killed an eye of draining
   196 | D        | Reached XP level 6. HP: 36/36 MP: 11/19
   197 | D        | Killed an acid dragon
   197 | D        | Reached ** piety under Vehumet
   197 | D        | Reached skill level 9 in Dodging
   246 | D        | Noticed a two-headed ogre
   246 | D        | Noticed a cyclops
   246 | D        | Noticed a brown ugly thing
   246 | D        | Noticed a shadow
   247 | D        | Killed a shadow
   247 | D        | Reached skill level 10 in Dodging
   247 | D        | Reached XP level 7. HP: 41/41 MP: 16/22
   247 | D        | Reached skill level 10 in Air Magic
   249 | D        | Killed a cyclops
   249 | D        | Reached *** piety under Vehumet
   249 | D        | Reached skill level 11 in Dodging
   249 | D        | Reached skill level 10 in Spellcasting
   249 | D        | Reached skill level 10 in Conjurations
   249 | D        | Reached XP level 8. HP: 46/46 MP: 13/24
   250 | D        | Killed a two-headed ogre
   250 | D        | Reached skill level 12 in Dodging
   250 | D        | Reached XP level 9. HP: 51/51 MP: 14/26
   253 | D        | Killed a brown ugly thing
   253 | D        | Reached skill level 13 in Dodging
   450 | D        | Noticed a komodo dragon
   450 | D        | Noticed a komodo dragon
   452 | D        | Offered knowledge of Flame Tongue by Vehumet.
   452 | D        | Killed a komodo dragon
   452 | D        | Reached **** piety under Vehumet
   452 | D        | Killed a komodo dragon
   452 | D        | Noticed a catoblepas
   453 | D        | Reached skill level 14 in Dodging
   453 | D        | Noticed a black mamba
   473 | D        | Killed a catoblepas
   473 | D        | Reached XP level 10. HP: 15/56 MP: 14/29
   475 | D        | Killed a black mamba
   475 | D        | Reached ***** piety under Vehumet
   486 | D        | Reached skill level 15 in Dodging
   647 | D        | Noticed an elephant
   647 | D        | Noticed a four-headed hydra
   647 | D        | Noticed a cane toad
   648 | D        | Noticed a four-headed hydra
   649 | D        | Offered knowledge of Conjure Flame by Vehumet.
   650 | D        | Killed a cane toad
   650 | D        | Killed a four-headed hydra
   651 | D        | Killed a four-headed hydra
   651 | D        | Reached skill level 15 in Air Magic
   652 | D        | Killed an elephant
   652 | D        | Reached skill level 16 in Dodging
   652 | D        | Reached skill level 15 in Spellcasting
   653 | D        | Reached XP level 11. HP: 60/61 MP: 23/32
   658 | D        | Reached ****** piety under Vehumet
   658 | D        | Reached skill level 15 in Conjurations
   775 | D        | Slain by a tyrant leech

Skill      XL: |  1  2  3  4  5  6  7  8  9 10 11 |
---------------+----------------------------------+-----
Dodging        | 3 6 7 8 10 11 12 14 16 | 16.7
Spellcasting   | 3 5 7 8 9 10 11 13 15 | 15.6
Conjurations   | 2 5 6 7 9 10 11 13 14 15 | 15.4
Air Magic      | 4 6 7 8 9 11 12 13 15 | 15.7
Stealth        | |  1.5

Action                   |  1- 3 |  4- 6 |  7- 9 | 10-12 || total
-------------------------+-------+-------+-------+-------++-------
Melee: Staff             |       |       |       |    26 ||    26
 Cast: Shock             |    13 |    11 |       |     1 ||    25
       Lightning Bolt    |       |       |    10 |    23 ||    33
       Airstrike         |       |       |     3 |     2 ||     5
  Use: Potion            |       |     1 |       |     3 ||     4
Armor: Skin              |     2 |       |     7 |     1 ||    10
Dodge: Dodged            |     9 |     7 |     5 |    17 ||    38
Block: Other             |     1 |     2 |     1 |     8 ||    12
